Rangy, chaotic male elven Ranger ---- --..-- |.....- |....... ---....-- -..o.-- .|%oo| |.@o.. ...%... ...).. .)... %[. o Rangy the Trailblazer Experience level: 7 Strength: 15 Dexterity: 11 Constitution: 16 Intelligence: 15 Wisdom: 13 Charisma: 8 Health: 0(50) Energy: 50(50) Def: 4 Gold: 190 Moves: 4049 Dungeon seed: L9MllNHREjEbD-Dw Game ID: Rangy_1514486366 Your Inventory: Coins $ - 190 gold pieces Weapons b - a +1 elven bow (weapon in hand) c - 36 +2 elven arrows (in quiver) m - a +0 elven dagger (alternate weapon; not wielded) v - 2 blessed poisoned +1 orcish arrows T - a blessed +1 orcish arrow Armor e - an uncursed +2 elven cloak (being worn) q - an uncursed +0 leather jacket (being worn) Comestibles f - 4 uncursed lembas wafers g - 2 uncursed food rations Scrolls u - 2 uncursed scrolls of identify S - a blessed scroll of create monster Potions B - an uncursed potion of object detection I - an uncursed potion of healing L - an uncursed potion of restore ability Rings j - an uncursed ring of polymorph control Wands t - a wand of digging (0:5) K - a cursed wand of magic missile (0:5) Tools x - a blessed magic lamp D - an uncursed mirror J - an uncursed skeleton key V - an uncursed sack Contents of the sack: an uncursed worthless piece of blue glass Spells and supernatural/magical abilities: Name Level Category Fail Memory W - pray for help -- divine ? -- Your skills at the end: Fighting Skills Weapon Skills dagger [Basic] bow [Basic] Spellcasting Skills Final Attributes: You were piously aligned. You were sleep resistant. You had automatic searching. You had infravision. You were stealthy. You were lucky. You are dead. Vanquished creatures: a chameleon a giant beetle a gnome king a brown pudding a blue jelly an imp a mountain nymph 5 Uruk-hai a fog cloud a yellow light 6 gnome lords 3 gnomish wizards a kobold mummy a guardian naga hatchling 4 elf zombies a little dog a floating eye 9 dwarves a hill orc 7 monkeys an orc zombie 4 hobbits a yellow mold 42 gnomes a fox 2 goblins 4 sewer rats 2 lichens a kobold zombie 2 newts 108 creatures vanquished. Voluntary challenges: You had been an atheist until turn 2182. You used a wielded weapon 20 times, starting on turn 3. You read items or engraved 2 times, starting on turn 1209. You never genocided any monsters. You never polymorphed an object. You never changed form. You used no wishes. You never split a pudding. You never wrote Elbereth's name. You violated your moral code, losing 22 points of alignment, starting on turn 2467. Dungeon overview: The Dungeons of Doom: levels 1 to 2 Level 1 a long staircase Level 2 stairs to The Gnomish Mines The Gnomish Mines: levels 3 to 8 Level 3 stairs to The Dungeons of Doom Level 4 Level 5 Level 6 some shops, a temple to Mars, some fountains, a sink Level 7 Level 8 <- You were here History has recorded: On T:1 you entered the Dungeons of Doom to retrieve the Amulet of Yendor! On T:320 you reached level 2 of The Dungeons of Doom. On T:740 you reached level 1 of The Gnomish Mines. On T:742 you advanced to experience level 2. On T:883 you advanced to experience level 3. On T:908 you advanced to experience level 4. On T:1291 you reached level 2 of The Gnomish Mines. On T:1336 you advanced to experience level 5. On T:1652 you reached level 4 of The Gnomish Mines. On T:1776 you advanced to experience level 6. On T:2758 you reached level 3 of The Gnomish Mines. On T:2918 you advanced to experience level 7. On T:3523 you reached level 5 of The Gnomish Mines. On T:3907 you reached level 6 of The Gnomish Mines. Score breakdown: Gold: 190 ( 7759 points) Experience: 7 levels (13645 points) Exploration: 8 levels ( 17.78%) (11965 points) Discoveries: 7 items ( 2.41%) ( 4660 points) Valuables value: (no points given unless you survive) Artifact value: 0 ( 0 points) Variety of kills: 30 monsters ( 7.87%) ( 8418 points) Turncount: 4049 turns (-1042 points) Survival: died (score multiplied by 80%) Total score: 36324 Latest messages: The arrow hits the hill orc. You have no ammunition readied! Never mind. You don't have that object. Never mind. c - 39 +2 elven arrows (in quiver). You shoot 3 elven arrows. The 1st elven arrow hits the hill orc! You kill the hill orc! The 2nd elven arrow hits the hill orc! The 3rd elven arrow hits the hill orc! The hill orc hits! There is a staircase up here. There are a few objects here. The hill orc hits! You die... Final status: Goodbye Rangy the Ranger, killed by a hill orc... You died in The Gnomish Mines on dungeon level 8 with 36324 points, and 190 pieces of gold, after 4049 moves. You were level 7 with a maximum of 50 hit points when you died.